 Dungeon Crawl Stone Soup version 0.17.1-1-g73c8601 (webtiles) character file.

17 Duffy the Digger (level 2, 15/19 HPs)
             Began as a Formicid Earth Elementalist on Jan 3, 2016.
             Quit the game on level 1 of the Dungeon.
             The game lasted 00:01:31 (1330 turns).

Duffy the Digger (Formicid Earth Elementalist)      Turns: 1330, Time: 00:01:31

Health: 15/19      AC:  2    Str: 12    XL:     2   Next: 80%
Magic:  0/5        EV: 12    Int: 14    God:
Gold:   43         SH:  0    Dex: 11    Spells: 1 memorised, 5 levels left

rFire  . . .     SeeInvis +     g - 13 needles (poison)
rCold  . . .     Clarity  .     a - +0 robe
rNeg   . . .     SustAt   .     (no shield)
rPois  .         Gourm    .     (helmet unavailable)
rElec  .         Spirit   .     (no cloak)
rCorr  .         Warding  .     (no gloves)
rMut   .         Stasis   +     (no boots)
MR     .....                    (no amulet)
Stlth  ++........               (no ring)
                                k - ring of teleportation (curse)

@: very slightly contaminated, not resistant to hostile enchantments, unstealthy
A: permanent stasis, dig shafts and tunnels, four strong arms, antennae 3
a: Dig, Shaft Self, Evoke Teleportation


You were on level 1 of the Dungeon.
You were not hungry.

You visited 1 branch of the dungeon, and saw 1 of its levels.

You collected 43 gold pieces.


Innate Abilities, Weirdness & Mutations

You are under a permanent stasis effect.
You can dig through walls and to a lower floor.
Your four strong arms can wield two-handed weapons with a shield.
You have a pair of large antennae on your head (SInv).


   Skills:
 - Level 1.7 Dodging
 - Level 2.4 Stealth
 + Level 2.9 Spellcasting
   Level 1.1 Transmutations
 + Level 4.0 Earth Magic


You had 5 spell levels left.
You knew the following spells:

 Your Spells              Type           Power        Failure   Level  Hunger
a - Sandblast             Erth           ##....       4%          1    #......

Inventory:

Missiles
 b - 21 stones (quivered)
 g - 13 poisoned needles (in hand)
Armour
 a - a +0 robe (worn)
Jewellery
 k - a cursed ring of teleportation (left hand)
Scrolls
 e - a scroll of recharging {unknown}
 f - a scroll of teleportation {unknown}
 i - a scroll of enchant armour {unknown}
 j - 2 scrolls of identify {unknown}
 l - a scroll of remove curse {unknown}
Potions
 h - a potion of might {unknown}
 n - a potion of curing {unknown}
Books
 c - a book of Geomancy
Comestibles
 d - a bread ration

Dungeon Overview and Level Annotations

Branches:
Dungeon (1/15)

Altars:


Message History

Cast which spell? (? or * to list)
You can't see any susceptible monsters within range! (Use Z to cast anyway.)
The jackal closely misses you.
Cast which spell? (? or * to list)
Aiming: Sandblast
Press: ? - help, Shift-Dir - straight line, f - jackal
Aim: a jackal The blast of sand hits the jackal.
The jackal is moderately wounded.
The jackal bites you.
Cast which spell? (? or * to list)
Aiming: Sandblast
Press: ? - help, Shift-Dir - straight line, f/p - jackal
Aim: a jackal (moderately wounded)
The blast of sand hits the jackal.
The jackal is moderately wounded.
The jackal closely misses you. x2
Cast which spell? (? or * to list)
Aiming: Sandblast
Press: ? - help, Shift-Dir - straight line, f/p - jackal
Aim: a jackal (moderately wounded)
You miscast Sandblast.
You are very lightly contaminated with residual magic.
The floor vibrates.
The jackal bites you.
Cast which spell? (? or * to list)
You don't have enough magic to cast that spell.
Really attack while wielding your 13 poisoned needles? [Y]es or [N]o only, please.
Really attack while wielding your 13 poisoned needles? [Y]es or [N]o only, please.
Really attack while wielding your 13 poisoned needles? [Y]es or [N]o only, please.
Really attack while wielding your 13 poisoned needles?
Okay, then.
Are you sure you want to abandon this character and quit the game? (Confirm with "yes".)

################
...............#
.######.######.#
#~~~~7.7~~~~#.#
#~...7.7...~#.#########
#~.P.....P.~#..........
#~PPP...PPP~####.#####.
.#7.P..@h.P.7####.#..)..
..~....<....~..##)#.###.
##7.......7.7#........#.
#~......777~#.##...#.#.
#~.......7 ~#.#..#...#.
#~~~~7~7~~~~#.#..#.#.#.
######.######.#..#.###.
#.######.#........
#........#.##.###.


You could see a jackal.

Action                   || total
-------------------------++-------
 Cast: Sandblast         ||    40
  Eat: Chunk             ||     2

Notes
Turn   | Place    | Note
--------------------------------------------------------------
     0 | D:1      | Duffy the Formicid Earth Elementalist began the quest for the Orb.
     0 | D:1      | Reached XP level 1. HP: 13/13 MP: 3/3
   501 | D:1      | Reached XP level 2. HP: 19/19 MP: 1/5
   773 | D:1      | Reached skill level 4 in Earth Magic
  1330 | D:1      | Quit the game

Vault maps used:
D:1:      ldierk_walled_garden, st_stairs_10

Vanquished Creatures
  A giant gecko
  2 hobgoblins
  A jackal
  3 bats
  4 goblins
  4 kobolds
  2 rats
  5 toadstools
22 creatures vanquished.
